Map: 카탈리스트 - 래더

Players

FeaR

  • Race: Protoss Protoss
  • Spawn Location: 5:00

soO - Winner!

  • Race: Zerg Zerg
  • League: Master
  • Spawn Location: 11:00

Event: HomeStory Cup XVII

VOD

Have the link to the VOD?

Description

Time

  • Played on: June 29, 2018, 10:16 a.m.
  • Length: 9:50

All games in this series

Show
View Real Time Build Order
Export as new Build Order

FeaR Protoss 

Build Orders: 1 Gate Expand, Phoenix Opening, Chargelot Immortal, Mass Phoenix 

Get SALT Encoding   

  12  0:00  Probe  
  13  0:12  Probe  
  14  0:20  Pylon  
  14  0:24  Probe  
  15  0:35  Probe  
  15  0:39  Gateway  
  16  0:43  Probe  
  16  0:48  Assimilator  
  17  0:52  Probe  
  18  1:04  Probe  
  19  1:16  Probe  
  20  1:27  Nexus  
  20  1:35  Cybernetics Core  
  20  1:39  Probe  
  21  1:44  Assimilator  
  21  1:51  Probe  
  22  1:55  Pylon  
  22  2:03  Probe  
  22  2:04  Adept  
  25  2:15  Probe  
  25  2:21  Stargate  
  26  2:25  Warp Gate  
  26  2:28  Probe  
  27  2:30  Adept  
  27  2:35  Probe  
  27  2:36  Probe  
  29  2:43  Probe  
  31  2:44  Probe  
  33  2:53  Probe  
  33  2:54  Probe  
  33  2:57  Adept  
  37  3:03  Phoenix  
  37  3:05  Probe  
  38  3:06  Probe  
  41  3:17  Gateway, Probe  
  42  3:20  Probe  
  42  3:26  Pylon  
  43  3:29  Probe  
  43  3:32  Probe  
  45  3:36  Assimilator  
  45  3:38  Assimilator  
  45  3:41  Probe  
  45  3:43  Phoenix  
  45  3:44  Probe  
  45  3:48  Stargate  
  47  3:54  Probe  
  50  3:56  Probe  
  47  4:06  Probe  
  47  4:07  Phoenix  
  47  4:08  Probe  
  49  4:11  Shield Battery  
  49  4:12  Pylon  
  51  4:18  Probe  
  51  4:20  Probe  
  53  4:25  Phoenix  
  53  4:30  Probe  
  54  4:32  Adept x2, Pylon  
  54  4:35  Phoenix  
  62  4:52  Probe  
  61  4:55  Adept  
  61  4:56  Phoenix  
  61  4:57  Phoenix  
  67  5:11  Nexus  
  67  5:13  Pylon  
  67  5:19  Adept  
  69  5:25  Probe  
  69  5:27  Phoenix  
  69  5:28  Phoenix  
  70  5:31  Probe  
  70  5:32  Shield Battery  
  75  5:36  Robotics Facility  
  75  5:37  Probe  
  75  5:39  Robotics Facility  
  75  5:42  Sentry  
  78  5:45  Pylon  
  78  6:01  Probe x2  
  78  6:05  Zealot x2  
  78  6:08  Phoenix x2  
  86  6:23  Probe x2  
  88  6:27  Zealot  
  88  6:28  Zealot  
  88  6:31  Probe  
  91  6:35  Probe x2  
  91  6:38  Immortal  
  93  6:43  Probe  
  94  6:47  Probe x2  
  94  6:51  Pylon  
  94  6:53  Pylon  
  100  6:54  Forge  
  100  6:55  Probe  
  100  6:57  Twilight Council  
  101  7:03  Immortal  
  101  7:06  Pylon  
  101  7:09  Probe  
  101  7:12  Probe  
  107  7:16  Immortal  
  107  7:17  Gateway  
  107  7:18  Gateway  
  107  7:20  Gateway  
  107  7:22  Gateway  
  107  7:23  Probe x2  
  107  7:25  Sentry x2  
  117  7:30  Probe  
  117  7:33  Assimilator  
  117  7:35  Probe  
  119  7:37  Assimilator  
  119  7:40  Charge, Protoss Ground Weapons Level 1  
  119  7:41  Pylon  
  119  7:43  Pylon  
  119  7:49  Immortal  
  119  7:53  Immortal  
  119  7:56  Pylon  
  123  8:01  Photon Cannon  
  123  8:02  Gateway  
  125  8:13  Probe x2  
  125  8:18  Immortal  
  126  8:23  Immortal  
  126  8:24  Templar Archives  
  126  8:28  Pylon  
  134  8:41  Sentry x2  
  136  8:42  Zealot x4  
  136  8:45  Shield Battery  
  136  8:46  Shield Battery  
  136  8:48  Shield Battery  
  146  8:49  Pylon  
  146  8:53  Pylon  
  144  8:56  Pylon  
  144  9:00  Probe  
  145  9:09  Sentry x2  
  141  9:10  Sentry  
  119  9:24  Zealot x3  
  83  9:39  Zealot x3  
Show
View Real Time Build Order
Export as new Build Order

soO Zerg - Winner!

Build Orders: Hatch First, Roach Hydra 

Get SALT Encoding   

  12  0:00  Drone  
  13  0:12  Overlord  
  13  0:17  Drone  
  14  0:30  Drone x2  
  14  0:34  Drone  
  17  0:51  Hatchery  
  17  0:54  Drone  
  17  0:57  Drone  
  18  1:08  Extractor  
  17  1:12  Spawning Pool  
  17  1:15  Drone  
  17  1:18  Drone  
  18  1:28  Drone  
  19  1:38  Drone  
  20  1:49  Overlord  
  20  2:02  Queen  
  20  2:03  Queen  
  20  2:04  Zergling x2  
  20  2:05  Drone  
  20  2:08  Metabolic Boost  
  26  2:11  Drone  
  26  2:13  Drone  
  28  2:21  Drone  
  29  2:25  Drone  
  30  2:35  Hatchery  
  30  2:37  Drone  
  30  2:39  Drone  
  31  2:45  Queen  
  31  2:49  Overlord  
  33  2:52  Zergling x2  
  33  2:55  Drone  
  33  2:58  Drone  
  36  3:09  Drone x2  
  36  3:12  Drone x3  
  41  3:13  Overlord, Drone  
  41  3:18  Overlord  
  42  3:26  Queen  
  44  3:33  Drone  
  44  3:34  Drone  
  46  3:38  Zergling x4  
  46  3:40  Drone  
  49  3:45  Drone x3  
  49  3:47  Lair, Drone  
  49  3:48  Drone  
  54  3:56  Spore Crawler  
  54  3:57  Drone  
  54  3:58  Drone x4  
  58  4:04  Spore Crawler, Extractor  
  58  4:06  Extractor  
  58  4:08  Spore Crawler  
  58  4:09  Drone x2  
  56  4:12  Drone  
  56  4:13  Drone  
  58  4:17  Overlord  
  58  4:18  Overlord  
  58  4:21  Overlord  
  58  4:24  Roach Warren  
  58  4:29  Drone  
  58  4:30  Overlord  
  58  4:35  Overlord  
  58  4:37  Drone x3  
  58  4:38  Drone  
  62  4:39  Drone  
  62  4:43  Drone  
  62  4:45  Drone, Evolution Chamber  
  63  4:50  Drone x2  
  63  4:51  Zergling x2  
  65  4:59  Drone x3  
  68  5:00  Overlord  
  68  5:02  Drone  
  68  5:03  Drone x2  
  71  5:12  Drone  
  71  5:13  Zerg Missile Weapons Level 1, Glial Reconstitution  
  74  5:21  Roach x7  
  74  5:24  Extractor  
  74  5:26  Overlord, Extractor  
  84  5:29  Drone x2  
  84  5:30  Drone x2  
  84  5:31  Overlord  
  84  5:33  Overseer  
  88  5:36  Overlord  
  88  5:38  Roach x2  
  88  5:39  Overlord  
  92  5:48  Zergling x2  
  92  5:49  Zergling x8  
  97  5:53  Spore Crawler  
  97  5:55  Zergling x4  
  97  5:56  Spore Crawler  
  95  5:57  Spore Crawler  
  95  5:58  Drone  
  95  5:59  Drone x4  
  95  6:04  Queen  
  96  6:12  Drone x3  
  96  6:14  Hydralisk Den  
  91  6:32  Drone x3  
  89  6:33  Drone x2, Extractor  
  89  6:38  Drone  
  85  6:43  Hydralisk x6  
  85  6:45  Grooved Spines  
  95  6:47  Spore Crawler  
  95  6:50  Hydralisk  
  96  6:54  Hydralisk x2  
  98  7:04  Hydralisk x3  
  104  7:14  Hydralisk  
  104  7:15  Hydralisk x7  
  110  7:22  Overlord  
  120  7:27  Drone  
  120  7:28  Zerg Missile Weapons Level 2  
  121  7:38  Drone x2  
  121  7:39  Hydralisk x3  
  121  7:40  Roach x2  
  121  7:42  Roach, Hatchery  
  134  7:47  Overlord  
  134  7:49  Roach x2  
  134  7:51  Overlord  
  138  7:54  Overlord  
  138  7:55  Overlord  
  138  7:56  Overlord, Muscular Augments  
  138  7:57  Overlord  
  138  8:00  Overlord  
  138  8:01  Overlord  
  138  8:07  Roach x3  
  143  8:14  Roach x4  
  143  8:16  Overseer  
  147  8:20  Roach x2  
  147  8:24  Roach x6  
  163  8:27  Roach  
  165  8:35  Roach x2  
  165  8:39  Roach x3  
  165  8:40  Roach  
  177  8:43  Roach  
  177  8:47  Roach  
  177  8:48  Ravager x5  
  186  8:53  Roach x3  
  192  8:56  Roach x2  
  196  9:04  Zergling x2  
  196  9:05  Zergling x4  
  187  9:13  Hydralisk x3  
  187  9:14  Zergling x10  
  168  9:24  Hydralisk x4  
  168  9:25  Hydralisk, Zergling x4  
  168  9:26  Zergling x4  
Tags
 
Add a new tag
Caveats
  • Supply blocks, unpowered buildings, or Contaminate may cause inaccurate times.
  • Supply counts are checked every 10 seconds.